 Dungeon Crawl Stone Soup version 0.28.0-49-g6dfe1f597d (webtiles) character file.

Game seed: 7257787056109635399

3094 NinjaNoafa the Grappler (level 9, 0/88 HPs)
             Began as a Troll Fighter on May 12, 2022.
             Was an Initiate of Gozag.
             Slain by an orc
             ... wielding a +0 war axe
              (7 damage)
             ... on level 7 of the Dungeon.
             The game lasted 00:08:25 (4788 turns).

NinjaNoafa the Grappler (Troll Fighter)             Turns: 4788, Time: 00:08:26

Health: 0/88       AC:  4    Str: 32      XL:     9   Next: 59%
Magic:  8/8        EV: 10    Int:  4      God:    Gozag
Gold:   129        SH:  9    Dex: 13 (19) Spells: 8/8 levels left

rFire   . . .      SeeInvis .     - Unarmed
rCold   . . .      Faith    .   b - +0 kite shield
rNeg    . . .      Spirit   .   a - +0 robe
rPois   .          Reflect  .   (helmet restricted)
rElec   .          Harm     .   (no cloak)
rCorr   .          Rampage  .   (gloves unavailable)
Will    .....                   (boots unavailable)
Stlth   +.........              (no amulet)
HPRegen 1.04/turn               k - +6 ring of strength
MPRegen 0.11/turn               v - +6 ring of dexterity

@: hasted, very quick
A: large, unfitting armour, claws 3, regeneration 1, shaggy fur 1, tough skin 1
a: Renounce Religion, Potion Petition, Call Merchant, Bribe Branch


You were on level 7 of the Dungeon.
You worshipped Gozag.
Gozag was aware of your devotion.
You visited 2 branches of the dungeon, and saw 8 of its levels.

You collected 546 gold pieces.
You spent 312 gold pieces at shops.
You paid 105 gold pieces to Gozag.

Inventory:

Missiles
 h - a poisoned dart (quivered)
Armour
 a - a +0 robe (worn)
 b - a +0 kite shield (worn)
Jewellery
 k - a +6 ring of strength (left claw)
 n - a ring of magical power
 p - a ring of ice
 q - a ring of see invisible
 v - a +6 ring of dexterity (right claw)
Wands
 m - a wand of iceblast (20)
 u - a wand of digging (7)
Scrolls
 c - a scroll of holy word
 d - a scroll of vulnerability
 e - 2 scrolls of identify
 g - a scroll of immolation
 i - 3 scrolls of fear
 l - a scroll of enchant weapon
 r - 3 scrolls of noise
Potions
 o - a potion of curing
 s - a potion of might
 t - a potion of degeneration


   Skills:
 + Level 5.6 Fighting
 + Level 5.6 Dodging
 + Level 5.5 Shields
 * Level 8.8 Unarmed Combat


You had 8 spell levels left.
You didn't know any spells.
Your spell library contained the following spells:

 Spells                   Type           Power      Damage    Failure   Level
 Animate Skeleton         Necr           0%         N/A       77%         1
 Pain                     Necr           0%         1d4       77%         1
 Summon Small Mammal      Summ           0%         N/A       77%         1
 Call Canine Familiar     Summ           0%         N/A       98%         3
 Summon Guardian Golem    Hex/Summ       0%         N/A       98%         3
 Vampiric Draining        Necr           0%         2d6       98%         3


Dungeon Overview and Level Annotations

Branches:
Dungeon (7/15)             Temple (1/1) D:5

Altars:
Ashenzari
Cheibriados
Dithmenos
Elyvilon
Fedhas
Gozag
Hepliaklqana
Kikubaaqudgha
Nemelex Xobeh
Okawaru
Qazlal
Ru
Sif Muna
Trog
Uskayaw
Vehumet
Wu Jian
Xom
Yredelemnul
Zin
The Shining One

Shops:
D:4 *

Annotations:
D:7 Prince Ribbit


Innate Abilities, Weirdness & Mutations

You are too large for most types of armour.
You have claws for hands.
Your natural rate of healing is unusually fast.
You are covered in fur. (AC +1)
You have tough skin. (AC +1)


Message History

The hornet zombie closely misses you.
You scratch the orc warrior but do no damage.
The orc warrior is severely wounded.
The orc hits you with a +0 dagger.
The orc warrior hits you with a +0 halberd!
You block the hornet zombie's attack. The steam dragon closely misses you.
The steam dragon barely misses you.
You scratch the orc warrior but do no damage.
The orc warrior is severely wounded.
Prince Ribbit is no longer distracted by gold.
You block Prince Ribbit's attack. The orc hits you but does no damage.
The hornet zombie hits you! The orc warrior misses you.
The steam dragon bites you. You block the steam dragon's attack.
Prince Ribbit hits you!
* * * LOW HITPOINT WARNING * * *
You feel much better. The hornet zombie hits you! The orc closely misses you.
You block Prince Ribbit's attack.
The orc warrior hits you with a +0 halberd.
The steam dragon barely misses you. The steam dragon claws you.
The hornet zombie hits you but does no damage.
You barely miss the orc warrior.
The orc warrior is severely wounded.
Prince Ribbit lets out a mournful croak.
You block Prince Ribbit's attack. The orc hits you but does no damage.
The orc warrior barely misses you. You block the hornet zombie's attack.
The steam dragon closely misses you. The steam dragon claws you.
The orc hits you with a +0 war axe.
You feel yourself speed up. Prince Ribbit hits you!
* * * LOW HITPOINT WARNING * * *
You block the orc's attack. The hornet zombie hits you.
* * * LOW HITPOINT WARNING * * *
The orc warrior hits you with a +0 halberd.
* * * LOW HITPOINT WARNING * * *
Prince Ribbit misses you. The steam dragon bites you.
* * * LOW HITPOINT WARNING * * *
The steam dragon claws you.
* * * LOW HITPOINT WARNING * * *
The orc hits you with a +0 war axe!
You die...
Your body crumbles into a pile of gold.

...................
#.##.#.#.#.###.###
# #.#.#.#..<# #
#.##.#.#.#####.#
#......#.......#
####>...........
#.............
#....ooD......
#....$@F......
#....Zo.......
#.............
#......<......
#............?
#.............
.........<.....
##.............


You could see Prince Ribbit, a steam dragon, an orc warrior, 2 orcs and a hornet
zombie.

Vanquished Creatures
  Pikel (D:6)
  An unseen horror (D:6)
  Sigmund (D:2)
  The ghost of issech the Cudgeller, an amateur TrMo (D:4)
  Menkaure (D:5)
  2 water moccasins (D:6)
  A hornet zombie (D:5)
  A black bear (D:5)
  A sky beast (D:5)
  3 ogres
  A lemure (D:6)
  A wyvern zombie (D:5)
  A water moccasin skeleton (D:5)
  A howler monkey (D:5)
  3 centaur zombies
  3 hounds
  4 bullfrog zombies (D:5)
  3 quasits (D:4)
  A bullfrog skeleton (D:6)
  3 orc priests
  A centaur skeleton (D:5)
  3 jellies
  An iguana (D:6)
  A scorpion zombie (D:5)
  Natasha (thrice) (D:2)
  Terence (D:2)
  3 orc wizards (D:6)
  A killer bee zombie (D:5)
  Robin (D:2)
  A gnoll (D:2)
  4 adders
  An adder skeleton (D:4)
  2 worms
  3 dart slugs
  17 orcs
  7 bats
  4 endoplasms
  3 giant cockroaches
  9 hobgoblins
  6 jackals (D:1)
  7 ball pythons
  2 frilled lizards
  16 goblins
  2 kobolds
  6 rats
139 creatures vanquished.

Vanquished Creatures (others)
  3 plants (D:3)
  5 withered plants (D:5)
8 creatures vanquished.

Grand Total: 147 creatures vanquished

Notes
Turn   | Place    | Note
-------+----------+-------------------------------------------
     0 | D:1      | NinjaNoafa the Troll Fighter began the quest for the Orb.
     0 | D:1      | Reached XP level 1. HP: 22/22 MP: 0/0
    90 | D:1      | Reached XP level 2. HP: 26/29 MP: 1/1
   453 | D:1      | Reached XP level 3. HP: 36/36 MP: 2/2
   530 | D:1      | Found a faded altar of an unknown god.
   683 | D:2      | Noticed Natasha
   702 | D:2      | Killed Natasha
   703 | D:2      | Reached skill level 3 in Unarmed Combat
   703 | D:2      | Reached XP level 4. HP: 26/44 MP: 3/3
   763 | D:2      | Noticed Natasha
   770 | D:2      | Killed Natasha
   782 | D:2      | Noticed Terence
   787 | D:2      | Killed Terence
   788 | D:2      | Reached XP level 5. HP: 53/53 MP: 4/4
   806 | D:2      | Noticed Natasha
   813 | D:2      | Killed Natasha
   958 | D:2      | Noticed Sigmund
   971 | D:2      | Killed Sigmund
   972 | D:2      | Reached skill level 4 in Unarmed Combat
   972 | D:2      | Reached XP level 6. HP: 57/61 MP: 5/5
  1154 | D:2      | Noticed Robin
  1163 | D:2      | Killed Robin
  2371 | D:4      | Found a transporter.
  2371 | D:4      | Noticed issech's ghost (amateur TrMo)
  2427 | D:4      | Found Hohadewk's General Store.
  2439 | D:4      | Bought a scroll of identify for 24 gold pieces
  2496 | D:4      | Found a transporter.
  2754 | D:5      | Entered Level 5 of the Dungeon
  2760 | D:5      | Reached skill level 5 in Unarmed Combat
  2770 | D:5      | Reached XP level 7. HP: 42/68 MP: 6/6
  3149 | D:5      | Reached skill level 6 in Unarmed Combat
  3166 | D:5      | You fall into a shaft and drop 1 floor!
  3171 | D:6      | Reached XP level 8. HP: 68/78 MP: 7/7
  3277 | D:5      | Found a staircase to the Ecumenical Temple.
  3296 | Temple   | Entered the Ecumenical Temple
  3466 | Temple   | Became a worshipper of Gozag Ym Sagoz the Greedy
  3667 | D:5      | Reached skill level 7 in Unarmed Combat
  3756 | D:5      | Noticed Menkaure
  3759 | D:5      | Killed Menkaure
  4016 | D:6      | Noticed Pikel
  4024 | D:6      | Reached skill level 5 in Fighting
  4042 | D:6      | Killed Pikel
  4043 | D:6      | Reached skill level 5 in Dodging
  4043 | D:6      | Reached skill level 5 in Shields
  4043 | D:6      | Reached skill level 8 in Unarmed Combat
  4043 | D:6      | Reached XP level 9. HP: 59/88 MP: 8/8
  4247 | D:6      | Noticed an unseen horror
  4262 | D:6      | Killed an unseen horror
  4598 | D:4      | Bought a scroll of identify for 24 gold pieces
  4598 | D:4      | Bought a wand of digging (7) for 264 gold pieces
  4639 | D:4      | Killed issech's ghost
  4770 | D:7      | Noticed Prince Ribbit
  4788 | D:7      | Slain by an orc

Illustrated notes

Levels and vault maps discovered:
D:1:      dpeg_arrival_tiny_a, layout_rooms, shapermc_ecumenical_altar_ellora
D:2:      layout_rooms, minmay_cut_off, uniq_robin, uniq_terence, uniq_natasha,
          uniq_sigmund
D:3:      layout_basic, serial_bayou_pond_c, lemuel_old_faithful
D:4:      layout_loops_ring, gammafunk_ghost_stat_death, serial_shops,
          shop_fountains, due_unseen_surprise
D:5:      layout_loops_ring, minmay_temple_entry_slanted, serial_undead,
          serial_undead_f, serial_undead_b, serial_undead_a, serial_undead_f,
          serial_undead_b, serial_undead_c, serial_undead_e, uniq_menkaure
D:6:      layout_cave_pools, uniq_pikel
D:7:      layout_basic, makhleb_heckhound_becter, sigmund_army,
          uniq_prince_ribbit1
Temple:   kilobyte_greek_temple

Skill      XL: |  1  2  3  4  5  6  7  8 |
---------------+-------------------------+-----
Unarmed Combat | 3 4 5 6 8 |  8.8
Fighting       | 3 4 5 |  5.6
Dodging        | 3 4 5 |  5.6
Shields        | 3 4 5 |  5.5

Action                   |  1- 3 |  4- 6 |  7- 9 || total
-------------------------+-------+-------+-------++-------
Melee: Unarmed           |    75 |   137 |   202 ||   414
Throw: Dart              |       |     7 |       ||     7
  Use: Potion            |       |     4 |     4 ||     8
       Scroll            |       |     5 |     3 ||     8
Armor: Robe              |    32 |    48 |    72 ||   152
Dodge: Dodged            |    35 |    69 |   124 ||   228
Block: Kite shield       |    27 |    85 |   112 ||   224
